 Dungeon Crawl Stone Soup version 0.27.1 (webtiles) character file.

Game seed: 16906016848001777969

94 Ejeck the Caller (level 4, -2/24 HPs)
             Began as a Deep Elf Summoner on Aug 24, 2021.
             Was an Initiate of Dithmenos.
             Slain by a scorpion (3 damage)
             ... on level 4 of the Dungeon.
             The game lasted 00:08:41 (3118 turns).

Ejeck the Caller (Deep Elf Summoner)                Turns: 3118, Time: 00:08:41

Health: -2/24      AC:  4    Str:  5    XL:     4   Next: 38%
Magic:  11/11      EV: 13    Int: 21    God:    Dithmenos [......]
Gold:   124        SH:  0    Dex: 15    Spells: 9/10 levels left

rFire    . . .     SeeInvis .   f - +2 dagger (vamp)
rCold    . . .     Faith    .   (no shield)
rNeg     . . .     Spirit   .   a - +0 robe
rPois    .         Reflect  .   e - +1 helmet
rElec    .         Harm     .   (no cloak)
rCorr    .         Rampage  .   (no gloves)
Will     .....                  (no boots)
Stlth    ++........             (no amulet)
HPRegen  0.08/turn              n - ring of wizardry
MPRegen  0.12/turn              (no ring)

@: lethally poisoned (-2 -> -4)
A: no striking features
a: Renounce Religion


You were on level 4 of the Dungeon.
You worshipped Dithmenos.
Dithmenos was noncommittal.
You visited 1 branch of the dungeon, and saw 4 of its levels.

You collected 124 gold pieces.

Inventory:

Hand Weapons
 f - a +2 vampiric dagger (weapon)
Armour
 a - a +0 robe (worn)
 e - a +1 helmet (worn)
Jewellery
 n - a ring of wizardry (left hand)
Wands
 i - a wand of flame (17)
Scrolls
 d - 3 scrolls of teleportation {unknown}
 g - 3 scrolls of identify {unknown}
 j - 3 scrolls of immolation {unknown}
 k - 2 scrolls of enchant weapon {unknown}
 m - a scroll of silence {unknown}
 o - a scroll of magic mapping {unknown}
Potions
 b - a potion of lignification {unknown}
 c - 2 potions of curing {unknown}
 h - 2 potions of haste {unknown}
 l - a potion of might {unknown}


   Skills:
 + Level 3.3 Dodging
 + Level 3.4 Stealth
 + Level 3.9 Spellcasting
 * Level 5.3 Summonings


You had 9 spell levels left.
You knew the following spells:

 Your Spells              Type           Power      Damage    Failure   Level
a - Summon Small Mammal   Summ           100%       N/A       1%          1

Your spell library contained the following spells:

 Spells                   Type           Power      Damage    Failure   Level
 Call Imp                 Summ           26%        N/A       1%          2
 Call Canine Familiar     Summ           26%        N/A       1%          3
 Summon Guardian Golem    Hex/Summ       15%        N/A       4%          3
 Summon Lightning Spire   Summ/Air       15%        N/A       16%         4


Dungeon Overview and Level Annotations

Branches:
Dungeon (4/15)
 Temple: D:4-7

Altars:
Dithmenos
Trog
Vehumet
Xom
The Shining One

Shops:
D:2 :


Message History

The scorpion barely misses you. The scorpion closely misses you.
You hit the scorpion but do no damage.
The scorpion is moderately wounded.
The scorpion stings you.
You barely miss the scorpion.
The scorpion is moderately wounded.
The scorpion closely misses you.
You hit the scorpion.
You feel better.
The scorpion is heavily wounded.
The scorpion misses you.
You barely miss the scorpion.
The scorpion is heavily wounded.
The scorpion stings you.
You are poisoned.
The scorpion poisons you!
You hit the scorpion.
The scorpion is heavily wounded.
You feel very sick. The scorpion closely misses you. The scorpion misses you.
You barely miss the scorpion.
The scorpion is heavily wounded.
You feel sick. The scorpion barely misses you.
You are too injured to fight recklessly!
You closely miss the scorpion.
The scorpion is heavily wounded.
You feel sick. The scorpion misses you.
You hit the scorpion but do no damage.
The scorpion is heavily wounded.
You feel sick. The scorpion stings you.
* * * LOW HITPOINT WARNING * * *
You hit the scorpion.
You feel better.
The scorpion is severely wounded.
* * * LOW HITPOINT WARNING * * *
You feel sick. The scorpion stings you.
* * * LOW HITPOINT WARNING * * *
You hit the scorpion.
You feel better.
The scorpion is almost dead.
* * * LOW HITPOINT WARNING * * *
You feel sick. The scorpion stings you.
You die...

#....[...#
#........##
#?........# .
#......... ..
##........#####...
..
#.........#.......
...
#................
#... #...$...@s..#
#....
##....#######
##.... ##..## #...
#..## ##># ##..#
###).# #..##
###....# #...#
##...#..## ##..#
###...##...#
#..####...#####..#


You could see a scorpion.

Vanquished Creatures
  Jessica (D:3)
  2 adders (D:2)
  2 dart slugs (D:4)
  5 ball pythons
  An endoplasm (D:2)
  2 giant cockroaches
  A hobgoblin (D:2)
  2 jackals (D:2)
  A quokka (D:2)
  A bat (D:3)
  3 goblins
  5 kobolds
  3 rats
29 creatures vanquished.

Vanquished Creatures (collateral kills)
  7 dart slugs (D:4)
  2 ball pythons (D:3)
  An endoplasm (D:3)
  A goblin (D:3)
  2 hobgoblins
  3 quokkas
  A frilled lizard (D:3)
  3 kobolds
20 creatures vanquished.

Grand Total: 49 creatures vanquished

Notes
Turn   | Place    | Note
-------+----------+-------------------------------------------
     0 | D:1      | Ejeck the Deep Elf Summoner began the quest for the Orb.
     0 | D:1      | Reached XP level 1. HP: 10/10 MP: 6/6
    52 | D:1      | Found a faded altar of an unknown god.
  1093 | D:2      | Reached XP level 2. HP: 14/15 MP: 8/8
  1100 | D:2      | Found Ylyogreg's Book Shoppe.
  1471 | D:2      | Reached XP level 3. HP: 18/19 MP: 7/9
  1828 | D:2      | Found a glowing golden altar of the Shining One.
  2087 | D:3      | Found a shadowy altar of Dithmenos.
  2142 | D:3      | Reached skill level 5 in Summonings
  2238 | D:3      | Noticed Jessica
  2252 | D:3      | Killed Jessica
  2253 | D:3      | Reached XP level 4. HP: 13/24 MP: 6/11
  2595 | D:3      | Found a glowing golden altar of the Shining One.
  2595 | D:3      | Found a faded altar of an unknown god.
  2604 | D:3      | Found a radiant altar of Vehumet.
  2611 | D:3      | Found a bloodstained altar of Trog.
  2613 | D:3      | Found a shimmering altar of Xom.
  2728 | D:3      | Became a worshipper of Dithmenos the Shadowed
  3103 | D:4      | Noticed a scorpion
  3117 | D:4      | HP: 1/24 [scorpion (3)]
  3118 | D:4      | Slain by a scorpion

Illustrated notes

Levels and vault maps discovered:
D:1:      elethiomel_arrival_infinity_welcomes_careful_drivers, layout_rooms,
          hellmonk_ecumenical_altar_run_dry, st_stairs_6, serial_bayou_pond_e
D:2:      layout_basic, serial_shops,
          nicolae_shop_temple_entry_statues_fountains, basic_altar
D:3:      layout_rooms, chequers_temple_overflow_minitemple,
          mainiacjoe_overflow_catwalk, uniq_jessica
D:4:      kennysheep_slugbush, layout_cave_pods, nicolae_sif_muna_condensation,
          temple_fountains, supply_closet_lemuel

Skill      XL: |  1  2  3 |
---------------+----------+-----
Dodging        | 3 |  3.3
Stealth        | 3 |  3.4
Summonings     | 5 |  5.3
Spellcasting   | |  3.9

Action                   |  1- 3 |  4- 6 || total
-------------------------+-------+-------++-------
Melee: Dagger            |    92 |    47 ||   139
       Unarmed           |     9 |       ||     9
 Cast: Summon Small Mamm |    20 |    17 ||    37
 Stab: Sleeping          |     1 |     1 ||     2
Armor: Robe              |    24 |    16 ||    40
Dodge: Dodged            |    62 |    32 ||    94
